 Dungeon Crawl Stone Soup version 0.31-a0-1591-g515db51633 (webtiles) character file.

Game seed: 3824651361534919327

274 Conn the Sneak (level 6, -9/36 HPs)
             Began as an Octopode Fire Elementalist on Jan 6, 2024.
             Mangled by a mummy (12 damage)
             ... in an ossuary.
             The game lasted 00:06:10 (3109 turns).

Conn the Sneak (Octopode Fire Elementalist)         Turns: 3109, Time: 00:06:10

Health: -9/36      AC:  1    Str:  7    XL:     6   Next: 24%
Magic:  0/10       EV: 13    Int: 20    God:
Gold:   131        SH:  0    Dex: 12    Spells: 5/11 levels left

rFire   . . .        k - staff of conjuration
rCold   . . .        (no shield)
rNeg    . . .        (helmet restricted)
rPois   .            (no amulet)
rElec   .            b - ring of wizardry
rCorr   .            (no ring)
SInv    .            (no ring)
Will    .....        (no ring)
Stlth   ++++         (no ring)
HPRegen 0.26/turn    (no ring)
MPRegen 0.12/turn    (no ring)
                     (no ring)

%: wizardry (x1)
@: no status effects
A: almost no armour, amphibious, 8 rings, camouflage 1, gelatinous body 1,
(nimble swimmer 1), tentacles
a: no special abilities


You were in an ossuary.
You visited 1 branch of the dungeon, and saw 4 of its levels.
You also visited: Ossuary.

You collected 131 gold pieces.

Inventory:

Hand Weapons
 e - a +0 dagger
Missiles
 o - a throwing net
 q - 6 curare-tipped darts (quivered)
Magical Staves
 k - a staff of conjuration (weapon)
Jewellery
 b - a ring of wizardry (left tentacle)
Wands
 j - a wand of paralysis (7)
Scrolls
 c - a scroll of enchant weapon {unknown}
 d - 5 scrolls of identify {unknown}
 f - a scroll of vulnerability {unknown}
 i - 2 scrolls of teleportation {unknown}
 l - a scroll of butterflies {unknown}
 p - a scroll of immolation {unknown}
Potions
 a - a potion of magic
 g - a potion of degeneration {unknown}
 h - 2 potions of invisibility {unknown}
 m - 2 potions of curing {unknown}
 n - a potion of berserk rage {unknown}


   Skills:
 + Level 3.3 Dodging
 + Level 4.7 Stealth
 + Level 3.1 Spellcasting
 + Level 2.7 Conjurations
 + Level 0.0 Hexes
 + Level 4.0 Fire Magic


You had 5 spell levels left.
You knew the following spells:

 Your Spells              Type           Power      Damage    Failure   Level
a - Foxfire               Conj/Fire      96%        2x1d8     1%          1
b - Scorch                Fire           38%        2d6       1%          2
c - Inner Flame           Hex/Fire       11%        N/A       8%          3

Your spell library contained the following spells:

 Spells                   Type           Power      Damage    Failure   Level
 Volatile Blastmotes      Fire/Tloc      22%        2d11      8%          3
 Sublimation of Blood     Necr           3%         N/A       9%          2
 Flame Wave               Conj/Fire      24%        2d8       14%         4
 Petrify                  Alch/Erth      3%         N/A       45%         4
 Irradiate                Conj/Alch      6%         3d13      63%         5


Dungeon Overview and Level Annotations

Branches:
Dungeon (4/15)            Ossuary (1/1)
 Temple: D:4-7

Altars:
Kikubaaqudgha
Uskayaw
Zin


Innate Abilities, Weirdness & Mutations

You cannot wear most types of armour.
You are amphibious.
You can wear up to eight rings at the same time.
Your skin changes colour to match your surroundings (Stealth+).
Your rubbery body absorbs attacks. (AC +1, EV +1)
((You are camouflaged when in or above water. (Stealth+)))
You have tentacles for arms and can constrict up to eight enemies at once.


Message History

Okay, then.
Unknown command.
Unknown command.
Unknown command.
Unknown command.
Unknown command.
Unknown command.
Unknown command.
Unknown command.
Okay, then.
Unknown command.
Okay, then.
Unknown command.
Okay, then.
Okay, then.
Okay, then.
Unknown command.
Unknown command.
Unknown command.
Aiming: Paralyse
Press: ? - help, Shift-Dir - straight line, f - crocodile zombie
Aim: a crocodile zombie (heavily damaged, chance to affect: 61%)
The crocodile zombie suddenly stops moving!
The centaur zombie hits you.
* * * LOW HITPOINT WARNING * * *
The centaur zombie kicks you but does no damage.
Aiming: Paralyse
Press: ? - help, Shift-Dir - straight line, f - centaur zombie, p - crocodile zombie
Aim: a centaur zombie (lightly damaged, chance to affect: 62%)
The centaur zombie resists with significant effort.
The centaur zombie barely misses you. The centaur zombie misses you.
The mummy closely misses you. The centaur zombie misses you.
The centaur zombie kicks you.
* * * LOW HITPOINT WARNING * * *
Aiming: Paralyse
Press: ? - help, Shift-Dir - straight line, f/p - centaur zombie
Aim: a centaur zombie (lightly damaged, chance to affect: 62%)
The centaur zombie suddenly stops moving!
The mummy hits you!
You die...

.############
............##
.........M...#
....∩..∩.Z@Z.#
.............#
^...........##
.############


You could see a mummy, a crocodile zombie (paralysed) and a centaur zombie
(paralysed).

Vanquished Creatures
  An ice beast (D:3)
  An orc wizard (D:3)
  An iguana (D:3)
  A crocodile zombie (Ossuary)
  3 adders (D:2)
  A ribbon worm (D:2)
  4 dart slugs
  6 orcs (D:3)
  6 endoplasms
  2 giant cockroaches
  6 goblins
  4 hobgoblins
  4 jackals (D:3)
  4 quokkas (D:1)
  8 ball pythons
  6 bats
  3 frilled lizards
  5 kobolds
  7 rats
73 creatures vanquished.

Vanquished Creatures (others)
  213 foxfires
213 creatures vanquished.

Grand Total: 286 creatures vanquished

Notes
Turn   | Place    | Note
-------+----------+-------------------------------------------
     0 | D:1      | Conn the Octopode Fire Elementalist began the quest for the
                  | Orb.
     0 | D:1      | Reached XP level 1. HP: 11/11 MP: 3/3
   110 | D:1      | Reached XP level 2. HP: 9/17 MP: 0/5
   303 | D:1      | Found a faded altar of an unknown god.
   464 | D:1      | Reached XP level 3. HP: 6/21 MP: 1/6
  1007 | D:1      | Learned a level 2 spell: Scorch
  1011 | D:1      | Learned a level 3 spell: Inner Flame
  1067 | D:2      | Identified the +6 ring mail "Koreolo" {^Contam Int+2 Dex+7
                  | SInv}
  1386 | D:2      | Reached XP level 4. HP: 27/27 MP: 7/7
  1837 | D:3      | Found a glowing silver altar of Zin.
  1845 | D:3      | Found an ancient bone altar of Kikubaaqudgha.
  1873 | D:3      | Found a hide-covered altar of Uskayaw.
  2266 | D:3      | Reached XP level 5. HP: 15/31 MP: 2/9
  2579 | D:3      | Noticed an ice beast
  2586 | D:3      | Killed an ice beast
  2587 | D:3      | Reached XP level 6. HP: 36/36 MP: 3/10
  3087 | D:4      | Found a sand-covered staircase.
  3096 | Ossuary  | Entered an ossuary
  3109 | Ossuary  | Mangled by a mummy

Illustrated notes

Levels and vault maps discovered:
D:1:      dpeg_arrival_boxes_within_box, layout_basic,
          chequers_ecumenical_altar_simple_redux, chequers_hall_statues_wall_a
D:2:      layout_basic, chequers_serial_rivers_micro_b, minmay_misc_feat_tiny,
          chequers_serial_rivers_small_a, minmay_misc_feat_more_columns,
          chequers_hall_statues_y, st_stairs_2
D:3:      layout_basic, nicolae_uskayaw_murder_on_the_dancefloor, minitemple
D:4:      layout_basic, general_overflow_altar, nicolae_ossuary_entry_ruins,
          uniq_ijyb
Ossuary:  ossuary_the_hunt_dpeg

Skill      XL: |  1  2  3  4  5  6 |
---------------+-------------------+-----
Stealth        | 3 4 |  4.7
Conjurations   | 2 |  2.7
Dodging        | 3 |  3.3
Spellcasting   | 3 |  3.1
Fire Magic     | 4 |  4.0

Action                     |  1- 3 |  4- 6 || total
---------------------------+-------+-------++-------
  Melee: Unarmed           |     5 |       ||     5
         Constrict         |     7 |     2 ||     9
         Tentacles         |     6 |     1 ||     7
         Dagger            |    17 |       ||    17
         Staff             |       |     5 ||     5
   Cast: Foxfire           |    47 |    79 ||   126
         Scorch            |       |     3 ||     3
  Evoke: Wand              |       |     3 ||     3
   Stab: Sleeping          |     4 |     1 ||     5
 Armour: Skin              |    14 |    14 ||    28
  Dodge: Dodged            |     6 |    19 ||    25

Table legend: (Time is in decaauts)
 A = Elapsed time spent in this place.
 B = Non-inter-level travel time spent in this place.
 C = Inter-level travel time spent in this place.
 D = Time resting spent in this place.
 E = Time spent auto-exploring this place.
 F = Levels seen in this place.
 G = Mean time per level.
                   A        B        C        D        E       F      G
               +--------+--------+--------+--------+--------+-----+--------+
         Total |   3107 |   3046 |     61 |      0 |   2305 |   5 |  621.4 |
       Dungeon |   3094 |   3033 |     61 |      0 |   2305 |   4 |  773.5 |
       Ossuary |     13 |     13 |      0 |      0 |      0 |   1 |   13.0 |
               +--------+--------+--------+--------+--------+-----+--------+

Top non-repeatable levels by time:
     D:3: 1267 daAuts
     D:1: 1040 daAuts
     D:2: 744 daAuts
     D:4: 42 daAuts
 Ossuary: 13 daAuts
